Map: Void Training Stage 1

Players

Frozzen - Winner!

  • Race: Zerg Zerg

Player 2

  • Race: Zerg Zerg

VOD

Have the link to the VOD?

Description

Time

  • Played on: Nov. 13, 2015, 10:41 a.m.
  • Length: 7:10
Show
View Real Time Build Order
Export as new Build Order

Frozzen Zerg - Winner!

Build Orders: Pool First 

Get SALT Encoding   

  12  0:00  Drone  
  13  0:12  Overlord  
  13  0:17  Drone  
  14  0:31  Drone x2  
  14  0:35  Drone  
  17  0:45  Spawning Pool  
  17  0:47  Drone  
  17  0:52  Extractor  
  17  0:56  Drone  
  17  1:06  Drone  
  18  1:18  Overlord  
  18  1:28  Drone  
  19  1:34  Extractor, Queen  
  19  1:39  Drone  
  21  1:49  Zergling x2  
  22  2:00  Zergling x2  
  23  2:08  Metabolic Boost  
  23  2:13  Drone, Queen  
  26  2:23  Hatchery, Zergling x2  
  26  2:32  Drone  
  27  2:41  Overlord  
  27  2:43  Drone x2  
  29  2:44  Drone  
  30  3:00  Overlord  
  30  3:07  Zergling x2  
  30  3:11  Lair  
  31  3:15  Zergling x6  
  34  3:20  Overlord  
  34  3:29  Drone  
  35  3:36  Drone  
  35  3:40  Roach Warren, Drone  
  36  3:49  Drone x2  
  36  3:50  Drone  
  36  3:53  Drone  
  39  4:03  Overlord  
  39  4:10  Overseer  
  39  4:12  Drone x4  
  43  4:21  Glial Reconstitution  
  43  4:22  Roach  
  43  4:24  Roach  
  47  4:26  Drone  
  47  4:28  Drone  
  47  4:30  Drone  
  50  4:32  Drone  
  50  4:38  Drone x2  
  53  4:43  Overlord  
  53  4:52  Roach x4  
  61  4:54  Extractor  
  61  4:55  Drone  
  61  4:57  Extractor  
  61  4:59  Drone x2  
  62  5:00  Drone  
  63  5:13  Roach x4  
  71  5:14  Overlord  
  71  5:24  Drone x4  
  75  5:30  Overlord  
  75  5:35  Drone  
  76  5:42  Roach x3  
  82  5:44  Overlord  
  82  5:51  Roach x2  
  82  5:54  Roach x2  
  82  5:55  Overlord  
  90  6:02  Roach x2  
  94  6:10  Roach  
  96  6:13  Roach x2  
  96  6:14  Roach  
  96  6:15  Overlord  
  102  6:34  Roach x6  
  114  6:45  Overlord  
  114  6:46  Overlord x3  
  115  7:07  Hatchery  
Show
View Real Time Build Order
Export as new Build Order

Player 2 Zerg 

Build Orders: Pool Only 

Get SALT Encoding   

  12  0:00  Drone  
  13  0:12  Overlord  
  13  0:17  Drone  
  14  0:34  Spawning Pool  
  13  0:37  Drone  
  13  0:41  Extractor  
  13  0:44  Drone  
  14  0:51  Overlord  
  14  1:21  Queen, Zergling x2  
  17  1:30  Roach Warren  
  17  1:31  Extractor  
  15  1:34  Drone  
  16  1:41  Drone  
  17  1:50  Zergling x2  
  18  2:02  Drone  
  19  2:09  Drone  
  20  2:17  Drone  
  20  2:20  Zergling x2  
  22  2:28  Overlord  
  22  2:33  Drone  
  23  2:40  Drone  
  24  2:47  Drone  
  24  2:50  Roach  
  27  5:19  Zergling x2  
  27  6:43  Zergling x2  
  23  6:55  Drone  
Tags
 
Add a new tag
Caveats
  • Supply blocks, unpowered buildings, or Contaminate may cause inaccurate times.
  • Supply counts are checked every 10 seconds.